 Dungeon Crawl Stone Soup version bcrawl-1.21.3-2-g9d8a61a446 (webtiles) character file.

Game seed: 14212901747232331636

163 funkygono the Stinger (level 5, 0/35 HPs)
             Began as a Formicid Venom Mage on Apr 16, 2020.
             Slain by Ijyb
             ... wielding a +1 dagger of chaos
              (4 damage)
             ... on level 3 of the Dungeon.
             The game lasted 00:10:35 (3732 turns).

funkygono the Stinger (Formicid Venom Mage)         Turns: 3732, Time: 00:10:35

Health: 0/35       AC:  0    Str: 15    XL:     5   Next: 73%
Magic:  2/9        EV: 20    Int: 15    God:
Gold:   141        SH:  0    Dex: 18    Spells: 0/10 levels left

rFire    + . .     SeeInvis .   (weapon currently unavailable)
rCold    + . .     Gourm    .   (shield currently unavailable)
rNeg     . . .     Faith    .   (armour currently unavailable)
rPois    +         Spirit   .   (helmet unavailable)
rElec    +         Reflect  .   (cloak currently unavailable)
rCorr    +         Harm     .   (gloves currently unavailable)
MR       .....                  (boots currently unavailable)
Stlth    +++.......             (no amulet)
HPRegen  0.11/turn              (ring currently unavailable)
MPRegen  0.11/turn              (ring currently unavailable)

@: agile, pig-form (expiring), resistant, very slightly contaminated, very quick
A: small, permanent stasis, dig shafts and tunnels, four strong arms, agile 1,
strong 1, MP-powered wands
a: no special abilities


You were on level 3 of the Dungeon.
You were not hungry.
You were a filthy swine.
You visited 1 branch of the dungeon, and saw 3 of its levels.

You collected 141 gold pieces.

Inventory:

Hand Weapons
 h - a +0 club (melded)
Missiles
 b - 804 stones (quivered)
Armour
 a - a +0 robe
 n - a +0 leather armour (melded)
 r - a +2 pair of boots (melded)
Wands
 o - a wand of iceblast (5)
Scrolls
 f - a scroll of immolation
 g - a scroll of remove curse
 q - a scroll of identify
 t - a scroll of fear {unknown}
Potions
 c - 2 potions of berserk rage
 d - a potion of degeneration
 p - a potion of lignification {unknown}
 s - a potion of ambrosia {unknown}
Comestibles
 e - 4 rations {!d}


   Skills:
 + Level 0.2 Fighting
 + Level 0.4 Maces & Flails
 + Level 1.1 Armour
 + Level 2.0 Dodging
 + Level 2.7 Stealth
 + Level 3.3 Spellcasting
 + Level 1.4 Conjurations
 + Level 0.2 Transmutations
 + Level 0.8 Fire Magic
 + Level 0.4 Air Magic
 + Level 5.8 Poison Magic


You couldn't memorise any spells.
You knew the following spells:

 Your Spells              Type           Power        Failure   Level  Hunger
a - Sting                 Conj/Pois      ##..         4%          1    #......
b - Poisonous Vapours     Pois/Air       ##....       9%          2    ##.....
c - Ignite Poison         Fire/Tmut/Pois #.......     22%         3    ###....
d - Olgreb's Toxic Radia  Pois           ###.....     19%         4    #####..

Your spell library contained the following spells:

 Spells                   Type           Power        Failure   Level  Hunger
 Summon Scorpions         Summ/Pois      ##......     52%         4    #####..
 Venom Bolt               Conj/Pois      ##........   77%         5    ######.


Dungeon Overview and Level Annotations

Branches:
Dungeon (3/12)

Altars:
Sif Muna
Uskayaw

Annotations:
D:3 Ijyb


Innate Abilities, Weirdness & Mutations

You cannot be hasted, slowed, berserked, paralysed or teleported.
You can dig through walls and to a lower floor.
Your four strong arms can wield two-handed weapons with a shield.
((You have a pair of large antennae on your head. (SInv)))
You are agile. (Dex +2)
Your muscles are strong. (Str +2)
You expend magic power (3 MP) to strengthen your wands.


Message History

Ijyb is almost dead.
Ijyb hits you with a +1 dagger of chaos.
* * * LOW HITPOINT WARNING * * *
Your stasis prevents you from being slowed.
It was a potion of mutation.
You feel extremely strange.
You feel agile.
You feel your magical essence link to your wands.
You feel stronger. Ijyb barely misses you.
It was a potion of agility.
You feel agile all of a sudden. Ijyb closely misses you.
It was a potion of resistance.
You feel protected.
Ijyb hits you with a +1 dagger of chaos.
* * * LOW HITPOINT WARNING * * *
You hit Ijyb but do no damage.
Ijyb is almost dead.
Ijyb hits you with a +1 dagger of chaos.
You die...

###########
#.......g.#
#.#######.# #.# #.#
#.# #.# #.# #.# #.#
####.# #g# #..#)# #h#
#..#g# #.# #..#.# ###
#.####..#.### #..
#####.......#...# #..
#<[[)...)...###.####{.
############# #.{..{go
######.. #.. #..


You could see Ijyb.

Vanquished Creatures
  Jessica (D:3)
  An orc wizard (D:3)
  An adder (D:2)
  4 worms
  3 dart slugs
  4 leopard geckos
  8 orcs (D:3)
  5 giant cockroaches
  7 goblins
  8 hobgoblins
  5 jackals
  5 kobolds
  A quokka (D:2)
  A ball python (D:2)
  6 bats
  2 frilled lizards (D:1)
  A quokka skeleton (D:2)
  5 rats
68 creatures vanquished.

Notes
Turn   | Place    | Note
-------+----------+-------------------------------------------
     0 | D:1      | funkygono the Formicid Venom Mage began the quest for the
                  | Orb.
     0 | D:1      | Reached XP level 1. HP: 13/13 MP: 3/3
    94 | D:1      | Reached XP level 2. HP: 19/19 MP: 0/5
   147 | D:1      | Learned a level 2 spell: Poisonous Vapours
   735 | D:1      | Reached XP level 3. HP: 24/24 MP: 2/6
  1555 | D:2      | Reached skill level 1 in Conjurations
  1652 | D:2      | Reached skill level 5 in Poison Magic
  1776 | D:2      | Reached XP level 4. HP: 30/30 MP: 0/8
  1804 | D:2      | Learned a level 3 spell: Ignite Poison
  2847 | D:2      | Found a shimmering blue altar of Sif Muna.
  2899 | D:3      | Reached XP level 5. HP: 26/35 MP: 0/9
  2912 | D:3      | Reached skill level 1 in Armour
  3171 | D:2      | Learned a level 4 spell: Olgreb's Toxic Radiance
  3383 | D:3      | Noticed a +0 dagger
  3383 | D:3      | Noticed a +0 hand axe
  3384 | D:3      | Found a hide-covered altar of Uskayaw.
  3386 | D:3      | Noticed Jessica
  3390 | D:3      | Noticed Ijyb
  3410 | D:3      | Killed Jessica
  3729 | D:3      | Gained mutation: You are agile. (Dex +2) [potion of
                  | mutation]
  3729 | D:3      | Gained mutation: You expend magic power (3 MP) to
                  | strengthen your wands. [potion of mutation]
  3729 | D:3      | Gained mutation: Your muscles are strong. (Str +2) [potion
                  | of mutation]
  3732 | D:3      | Slain by Ijyb

Skill      XL: |  1  2  3  4  5 |
---------------+----------------+-----
Conjurations   | 1 |  1.4
Poison Magic   | 5 |  5.8
Dodging        | 2 |  2.0
Spellcasting   | 3 |  3.3
Armour         | 1 |  1.1
Fighting       | |  0.2
Maces & Flails | |  0.4
Stealth        | |  2.7
Transmutations | |  0.2
Fire Magic     | |  0.8
Air Magic      | |  0.4

Action                   |  1- 3 |  4- 6 || total
-------------------------+-------+-------++-------
Melee: Unarmed           |     2 |    20 ||    22
       Club              |    57 |    35 ||    92
 Cast: Sting             |    37 |    38 ||    75
       Poisonous Vapours |     9 |     8 ||    17
       Ignite Poison     |       |     4 ||     4
       Olgreb's Toxic Ra |       |     2 ||     2
  Use: Scroll            |     3 |     2 ||     5
       Potion            |     1 |     5 ||     6
  Eat: Chunk             |     4 |     5 ||     9
       Ration            |       |     1 ||     1
Armor: Robe              |     7 |       ||     7
       Leather armour    |     8 |    18 ||    26
       Skin              |       |     4 ||     4
Dodge: Dodged            |    66 |    56 ||   122
